Map: Frost LE

Players

hydra - Winner!

  • Race: Zerg Zerg
  • League: Master

FearLess

  • Race: Terran Terran
  • League: Diamond

Event: Polygon Gaming Invitational 3

VOD

Have the link to the VOD?

Description

Time

  • Played on: June 18, 2016, 1:59 p.m.
  • Length: 10:00

All games in this series

Show
View Real Time Build Order
Export as new Build Order

hydra Zerg - Winner!

Build Orders: Hatch First 

Get SALT Encoding   

  12  0:01  Drone  
  13  0:12  Overlord  
  13  0:17  Drone  
  14  0:31  Drone x2  
  14  0:35  Drone  
  17  0:52  Hatchery  
  17  0:55  Drone  
  17  0:59  Drone  
  18  1:05  Extractor  
  17  1:14  Spawning Pool  
  17  1:17  Drone  
  17  1:21  Drone  
  18  1:28  Drone  
  19  1:38  Overlord  
  19  2:01  Queen  
  19  2:02  Zergling x4  
  19  2:03  Queen  
  19  2:05  Drone  
  19  2:08  Metabolic Boost  
  26  2:12  Drone  
  27  2:15  Drone  
  29  2:22  Drone  
  29  2:26  Drone  
  30  2:36  Drone  
  30  2:37  Queen  
  31  2:39  Overlord  
  33  2:44  Drone  
  33  2:47  Pneumatized Carapace  
  33  2:49  Drone  
  35  2:54  Drone  
  35  2:57  Overlord  
  36  3:06  Drone  
  36  3:08  Drone  
  36  3:10  Drone x3  
  36  3:11  Drone  
  36  3:12  Drone  
  43  3:16  Drone  
  44  3:21  Roach Warren  
  44  3:23  Drone  
  44  3:36  Hatchery  
  44  3:39  Overlord  
  43  3:43  Overlord  
  43  3:45  Overlord  
  43  4:00  Zergling x8  
  43  4:01  Roach x2  
  43  4:02  Roach  
  53  4:03  Extractor  
  53  4:07  Drone, Spore Crawler  
  53  4:09  Spore Crawler  
  51  4:13  Drone  
  51  4:14  Drone  
  53  4:19  Drone x3  
  53  4:22  Overlord  
  56  4:31  Drone  
  55  4:32  Ravager x3  
  55  4:35  Drone x4  
  62  4:44  Overlord  
  62  4:46  Drone  
  62  4:47  Drone x2  
  62  4:48  Drone  
  62  4:49  Drone x3  
  62  4:50  Drone  
  70  4:55  Lair  
  70  4:56  Drone  
  71  5:00  Evolution Chamber  
  71  5:02  Evolution Chamber  
  71  5:05  Extractor, Drone  
  71  5:06  Drone x2  
  71  5:09  Spore Crawler  
  71  5:11  Drone  
  71  5:17  Drone  
  72  5:23  Drone  
  72  5:24  Drone  
  72  5:25  Extractor  
  72  5:26  Extractor, Drone  
  72  5:28  Drone x3  
  76  5:31  Zerg Melee Weapons Level 1  
  76  5:34  Zerg Ground Armor Level 1  
  76  5:35  Drone x3  
  79  5:36  Zergling x6  
  79  5:40  Overlord  
  82  5:46  Drone  
  82  5:53  Drone  
  82  5:54  Glial Reconstitution  
  82  5:55  Overseer  
  82  5:56  Overlord x3  
  83  5:59  Extractor  
  82  6:05  Drone  
  82  6:10  Queen  
  83  6:14  Drone x3  
  83  6:15  Roach x7  
  83  6:18  Drone  
  100  6:24  Drone  
  101  6:27  Roach x5  
  111  6:33  Roach  
  111  6:37  Overlord x2  
  113  6:41  Roach x5  
  113  6:46  Overlord  
  122  6:52  Infestation Pit  
  121  6:55  Overseer  
  121  6:56  Ravager x3  
  121  7:00  Drone x2  
  126  7:04  Zergling x2  
  126  7:05  Zergling x10  
  132  7:08  Zergling x4  
  132  7:09  Zergling x4  
  132  7:12  Ravager x3  
  132  7:13  Hatchery  
  132  7:15  Overlord x2  
  138  7:24  Drone  
  138  7:29  Infestor x2  
  143  7:37  Zergling x2  
  143  7:38  Zergling x16  
  143  7:39  Zergling x4  
  143  7:44  Zerg Ground Armor Level 2  
  154  7:51  Zergling x6  
  157  7:55  Queen  
  159  8:00  Overlord x3  
  158  8:06  Roach  
  158  8:11  Overlord x2  
  160  8:21  Roach x7  
  174  8:27  Roach  
  174  8:28  Roach x2  
  174  8:33  Roach  
  177  8:37  Roach x2  
  162  8:50  Zergling x24  
  162  8:52  Ravager x9  
  162  8:55  Zergling x2  
  184  9:00  Zergling x4  
  186  9:05  Zergling x4  
  186  9:08  Zergling x6  
  191  9:10  Zergling x2  
  191  9:11  Zergling x16  
  191  9:14  Baneling Nest  
  156  9:42  Zergling x22  
  156  9:43  Zergling x6  
Show
View Real Time Build Order
Export as new Build Order

FearLess Terran 

Build Orders: Liberator Opening, Reaper Expand, Bio Tank 

Get SALT Encoding   

  12  0:01  SCV  
  13  0:13  SCV  
  14  0:17  Supply Depot  
  14  0:25  SCV  
  15  0:39  SCV  
  15  0:40  Barracks  
  16  0:44  Refinery  
  16  0:51  SCV  
  17  1:03  SCV  
  18  1:15  SCV  
  19  1:28  Orbital Command  
  19  1:29  Reaper  
  20  1:40  Command Center  
  20  1:47  Refinery  
  20  1:54  Supply Depot  
  20  1:56  SCV  
  20  2:01  Marine  
  22  2:08  SCV  
  23  2:17  Factory  
  23  2:19  Barracks Reactor  
  23  2:20  SCV  
  24  2:32  SCV  
  24  2:44  SCV  
  25  2:54  Orbital Command  
  25  2:56  SCV  
  26  3:04  Starport  
  26  3:07  Hellion x2  
  26  3:09  SCV  
  31  3:13  Barracks Reactor  
  31  3:20  SCV  
  31  3:21  SCV  
  33  3:29  Hellion x2  
  33  3:32  SCV  
  38  3:35  SCV, Liberator  
  39  3:44  SCV  
  39  3:47  SCV  
  44  3:56  Barracks Tech Lab, SCV  
  44  4:01  Barracks, SCV  
  46  4:04  Barracks  
  46  4:05  Supply Depot  
  46  4:08  Supply Depot, Factory Reactor  
  36  4:10  Liberator  
  46  4:16  Bunker  
  46  4:18  Supply Depot  
  46  4:21  Stimpack  
  46  4:26  Liberator  
  46  4:27  Marine, SCV x2  
  44  4:39  SCV x2  
  44  4:45  Marine  
  50  4:49  Marine x2  
  50  4:51  SCV x2  
  54  4:55  Factory Tech Lab  
  54  5:03  Marine x3, SCV  
  54  5:05  Engineering Bay  
  54  5:06  Engineering Bay  
  54  5:07  Marine  
  58  5:09  Marine, Refinery x2  
  58  5:12  SCV  
  61  5:17  Siege Tank  
  61  5:20  Supply Depot  
  61  5:21  Marine x2  
  65  5:24  SCV x2  
  65  5:26  Marine  
  66  5:30  Supply Depot  
  66  5:33  Marine x2  
  68  5:36  SCV  
  68  5:38  Marine  
  68  5:41  Marine  
  68  5:42  SCV  
  72  5:44  Marine  
  72  5:48  SCV  
  72  5:49  Terran Infantry Armor Level 1  
  74  5:50  Terran Infantry Weapons Level 1  
  74  5:51  Supply Depot, Marine  
  74  5:52  Supply Depot  
  74  5:56  Marine  
  76  5:59  Marine x2  
  76  6:03  SCV x2  
  77  6:04  Siege Tank  
  77  6:05  Marine  
  77  6:11  Marine  
  82  6:14  Supply Depot  
  82  6:15  SCV  
  83  6:19  Marine x2  
  83  6:20  Marine  
  83  6:23  Marine, Medivac  
  83  6:25  Supply Depot  
  89  6:28  Marine  
  89  6:29  SCV  
  88  6:37  Marine x2, Siege Tank, Combat Shields  
  88  6:38  Marine  
  94  6:40  Marine  
  94  6:44  Supply Depot  
  94  6:46  Marine  
  96  6:48  Armory  
  96  6:54  Medivac x2  
  96  6:55  Marine x2  
  96  6:56  Marine  
  96  6:58  Marine  
  104  7:04  Marine  
  105  7:09  Siege Tank  
  105  7:10  Supply Depot x2  
  105  7:13  Marine x2  
  105  7:14  Marine  
  111  7:16  Marine  
  111  7:22  Marine  
  113  7:27  Medivac x2  
  116  7:31  Marine x2  
  116  7:32  Marine  
  116  7:34  Marine  
  120  7:40  Marine  
  120  7:42  Siege Tank  
  124  7:48  Marine  
  124  7:49  Marine  
  124  7:50  Marine  
  127  7:52  Marine  
  127  7:57  Medivac  
  127  7:58  Marine  
  131  7:59  Supply Depot x2  
  131  8:04  Medivac  
  133  8:06  Marine x2  
  133  8:07  Marine  
  133  8:08  Supply Depot  
  133  8:09  Marine  
  133  8:10  Barracks x2  
  137  8:14  Siege Tank  
  137  8:15  Marine  
  141  8:24  Marine  
  136  8:35  Marine x3  
  136  8:38  Marine  
  138  8:42  Marine  
  139  8:50  Medivac x2, Siege Tank  
  139  8:53  Marine x3  
  149  8:55  Marine  
  149  9:00  Marine  
  151  9:11  Marine x3  
  151  9:12  Supply Depot  
  151  9:13  Supply Depot  
  151  9:16  Supply Depot, Marauder  
  156  9:19  Marine  
  157  9:26  Barracks  
  157  9:27  Barracks, Siege Tank  
  157  9:29  Marine  
  160  9:37  Marauder  
  128  9:42  Marine x2  
Tags
 
Add a new tag
Caveats
  • Supply blocks, unpowered buildings, or Contaminate may cause inaccurate times.
  • Supply counts are checked every 10 seconds.